[Event "Titled Tuesday Blitz December 20 Late 2022"]
[White "Urbina Perez, Juan Antonio"]
[Black "UnknownMagician"]
[WhiteFideId "2217368"]
[WhiteElo "2197"]
[BlackElo "2637"]
[Result "0-1"]
[Round "07"]
[TimeControl "180+1"]
[Date "2022.12.21"]
[WhiteClock "0:00:04"]
[BlackClock "0:00:41"]

1. d4 d5 2. Nf3 Nf6 3. c4 c6 4. Nbd2 g6 5. e3 Bg7 6. Be2 O-O 7. O-O b6 8. cxd5 cxd5 9. Nb1 Ba6 10. Bd2 Bxe2 11. Qxe2 Ne4 12. Rc1 Qd6 13. Nc3 Nxd2 14. Qxd2 Nc6 15. Nb5 Qd7 16. Rc2 a6 17. Na3 Rfc8 18. Rac1 e6 19. g3 Ne7 20. Qb4 Rxc2 21. Rxc2 b5 22. Qa5 Nc6 23. Qb6 Nb4 24. Rc7 Qd8 25. Qb7 Rb8 26. Qa7 Ra8 27. Qb7 Rb8 28. Qa7 Qe8 29. Qc5 Bf8 30. Qa7 Bd6 31. Rb7 Rc8 32. Ng5 Ra8 33. Qb6 Be7 34. Nf3 Bf6 35. Qc7 Rc8 36. Qa5 Qf8 37. Kg2 Bd8 0-1


[Site "https://www.chess.com"]

[Event "Titled Tuesday Blitz December 20 Late 2022"]
[White "Van Foreest, Jorden"]
[Black "Makarian, Rudik"]
[WhiteFideId "1039784"]
[BlackFideId "44105681"]
[WhiteElo "2663"]
[BlackElo "2440"]
[Result "0-1"]
[Round "07"]
[TimeControl "180+1"]
[Date "2022.12.20"]
[WhiteClock "0:01:10"]
[BlackClock "0:01:40"]

1. e4 c5 2. Nf3 e6 3. d4 cxd4 4. Nxd4 Nf6 5. Nc3 Nc6 6. Be2 Be7 7. Be3 O-O 8. f4 d6 9. g4 Nxd4 10. Qxd4 e5 11. Qd2 Nxg4 12. Bxg4 Bxg4 13. Rg1 exf4 14. Bxf4 Bh4+ 15. Bg3 f5 16. Qf2 Bf6 17. h3 Bh5 18. exf5 Qa5 19. Kd2 Bxc3+ 20. bxc3 Rxf5 21. Bf4 Rd5+ 22. Ke1 Qxc3+ 0-1


[Site "https://www.chess.com"]

[Event "Titled Tuesday Blitz December 20 Late 2022"]
[White "Vega Gutierrez, Sabrina"]
[Black "Leitao, Rafael"]
[WhiteFideId "2219026"]
[BlackFideId "2101246"]
[WhiteElo "2261"]
[BlackElo "2609"]
[Result "0-1"]
[Round "07"]
[TimeControl "180+1"]
[Date "2022.12.21"]
[WhiteClock "0:00:02"]
[BlackClock "0:00:39"]

1. e4 c5 2. Nf3 d6 3. d4 cxd4 4. Qxd4 Nc6 5. Bb5 a6 6. Bxc6+ bxc6 7. O-O e5 8. Qd3 Nf6 9. Rd1 Be7 10. Bg5 Be6 11. Bxf6 gxf6 12. c4 Qd7 13. Nh4 Rg8 14. Nc3 Rg4 15. Nf5 Bxf5 16. exf5 Rd8 17. b3 Rf4 18. Ne2 Rxf5 19. Ng3 Rg5 20. Qxh7 f5 21. h4 Rg6 22. h5 Rg5 23. h6 Qe6 24. Rd3 Kd7 25. Rf3 f4 26. Ne4 Rg6 27. Rd1 Kc7 28. Nc5 Qg4 0-1


[Site "https://www.chess.com"]

[Event "Titled Tuesday Blitz December 20 Late 2022"]
[White "Vlassov, Nikolai"]
[Black "Kaplan, Avi Harrison"]
[WhiteFideId "4103360"]
[BlackFideId "30934559"]
[WhiteElo "2324"]
[BlackElo "1983"]
[Result "1-0"]
[Round "07"]
[TimeControl "180+1"]
[Date "2022.12.21"]
[WhiteClock "0:00:20"]
[BlackClock "0:00:09"]

1. e4 c5 2. c3 Nf6 3. e5 Nd5 4. d4 cxd4 5. cxd4 Nc6 6. Nc3 Nxc3 7. bxc3 d6 8. f4 dxe5 9. fxe5 Bf5 10. Nf3 e6 11. Bd3 Bxd3 12. Qxd3 Be7 13. O-O O-O 14. Rf2 Qc7 15. Bd2 Rfd8 16. Qe4 h6 17. Raf1 Na5 18. g4 Nc4 19. Bc1 Qc6 20. Qf4 Rf8 21. g5 h5 22. g6 fxg6 23. Qg3 Kh7 24. Bg5 Bxg5 25. Nxg5+ Kg8 26. Rxf8+ Rxf8 27. Rxf8+ Kxf8 28. Qf4+ Ke7 29. Qf7+ Kd8 30. Nxe6+ Kc8 31. Qg8+ Kd7 32. Nc5+ Ke7 33. Qxg7+ Ke8 34. Qg8+ Ke7 35. Qxc4 b6 36. d5 Qxc5+ 37. Qxc5+ bxc5 38. h4 a5 39. Kg2 Kf7 40. Kg3 a4 41. Kf4 Kg7 42. Kg5 Kf7 43. c4 a3 44. Kh6 Ke7 45. Kxg6 Kd7 46. Kf7 Kc7 47. Ke7 Kb6 48. d6 Ka5 49. d7 Kb4 50. d8=Q Kxc4 51. e6 Kc3 52. Kf6 c4 53. e7 Kb2 54. Qd2+ Kb1 55. e8=Q c3 56. Qee1# 1-0


[Site "https://www.chess.com"]

[Event "Titled Tuesday Blitz December 20 Late 2022"]
[White "White, John S."]
[Black "Stead, Kerry"]
[WhiteFideId "2502348"]
[BlackFideId "3202577"]
[WhiteElo "1940"]
[BlackElo "1997"]
[Result "1-0"]
[Round "07"]
[TimeControl "180+1"]
[Date "2022.12.21"]
[WhiteClock "0:00:47"]
[BlackClock "0:00:23"]

1. e4 e5 2. Nf3 Nc6 3. Bc4 Nf6 4. Ng5 d5 5. exd5 b5 6. Bf1 Nxd5 7. d3 Be7 8. Ne4 a6 9. Nbc3 Nxc3 10. Nxc3 Be6 11. Be2 Nd4 12. Be3 Nxe2 13. Qxe2 O-O 14. O-O f5 15. f4 exf4 16. Bxf4 Bc5+ 17. Kh1 Re8 18. Qf3 Qf6 19. Rae1 b4 20. Na4 Bd6 21. Bxd6 cxd6 22. Re2 Rab8 23. Rfe1 Bf7 24. Rxe8+ Rxe8 25. Rxe8+ Bxe8 26. Qa8 Qe5 27. h3 Kf7 28. Qxa6 h5 29. b3 h4 30. Qc4+ Kf8 31. Qxb4 g5 32. Qc3 Bxa4 33. Qxe5 dxe5 34. bxa4 Ke7 35. Kg1 Kd6 36. Kf2 Kc5 37. Ke3 Kb4 38. d4 exd4+ 39. Kxd4 Kxa4 40. Ke5 g4 41. Kxf5 gxh3 42. gxh3 Ka3 43. Kg4 Kxa2 44. Kxh4 Ka3 45. Kg5 Kb4 46. h4 Kc3 47. h5 1-0


[Site "https://www.chess.com"]

[Event "Titled Tuesday Blitz December 20 Late 2022"]
[White "Yeritsyan, Hayk"]
[Black "Bach, Matthias"]
[WhiteFideId "13307320"]
[BlackFideId "4603168"]
[WhiteElo "2413"]
[BlackElo "2165"]
[Result "1-0"]
[Round "07"]
[TimeControl "180+1"]
[Date "2022.12.21"]
[WhiteClock "0:00:42"]
[BlackClock "0:01:05"]

1. d4 Nf6 2. Nf3 c5 3. e3 cxd4 4. exd4 d6 5. Be2 g6 6. h3 Bg7 7. c3 O-O 8. Bf4 Nbd7 9. O-O a6 10. Nbd2 b5 11. Bh2 Bb7 12. a4 Qc7 13. axb5 axb5 14. Bxb5 Qb6 15. Be2 Rxa1 16. Qxa1 Ra8 17. Qc1 Nd5 18. Qc2 Ra2 19. Nc4 Qc6 20. Qb3 Ra7 21. Ne3 N7b6 22. Nxd5 Nxd5 23. Re1 e5 24. dxe5 dxe5 25. Bxe5 Ne3 26. Bxg7 Nxg2 27. Kxg2 Kxg7 28. Qb4 f6 29. Qe7+ Kh6 30. Qf8+ Kh5 31. Kg1 1-0


[Site "https://www.chess.com"]

[Event "Titled Tuesday Blitz December 20 Late 2022"]
[White "Zakhartsov, Vladimir"]
[Black "Shuvalova, Polina"]
[WhiteFideId "4145097"]
[BlackFideId "24171760"]
[WhiteElo "2535"]
[BlackElo "2361"]
[Result "1-0"]
[Round "07"]
[TimeControl "180+1"]
[Date "2022.12.20"]
[WhiteClock "0:01:30"]
[BlackClock "0:01:42"]

1. c4 e6 2. d4 Nf6 3. Nf3 d5 4. Nc3 c5 5. cxd5 Nxd5 6. e4 Nxc3 7. bxc3 cxd4 8. cxd4 Bb4+ 9. Bd2 Bxd2+ 10. Qxd2 O-O 11. Bc4 Nd7 12. O-O b6 13. d5 Nf6 14. Rfe1 exd5 15. exd5 Bb7 16. Rad1 Qd6 17. Nd4 Rad8 18. Nf5 Qc5 19. Qg5 g6 20. Qxf6 gxf5 21. Re3 f4 22. Re5 h6 23. Qxh6 Rd6 24. Rg5+ Rg6 25. Rxg6+ fxg6 26. Qxg6+ Kh8 27. Bb3 1-0


[Site "https://www.chess.com"]

[Event "Titled Tuesday Blitz December 20 Late 2022"]
[White "Zhigalko, Sergei"]
[Black "Olsen, Filip Boe"]
[WhiteFideId "13502956"]
[BlackFideId "1440640"]
[WhiteElo "2662"]
[BlackElo "2333"]
[Result "1-0"]
[Round "07"]
[TimeControl "180+1"]
[Date "2022.12.20"]
[WhiteClock "0:01:52"]
[BlackClock "0:01:04"]

1. e4 c6 2. d4 d5 3. e5 c5 4. Nf3 cxd4 5. Qxd4 Nc6 6. Qf4 e6 7. Bd3 Qc7 8. O-O Nge7 9. Re1 Ng6 10. Qg3 Bd7 11. Nc3 a6 12. h4 O-O-O 13. h5 Nge7 14. Be3 f6 15. Bf4 f5 16. Ng5 d4 17. Ne2 Nd5 18. Nf7 Rg8 19. Nxd8 Qxd8 20. Bc4 Nb6 21. Bb3 Be7 22. Rad1 g5 23. hxg6 hxg6 24. Nxd4 Nxd4 25. Rxd4 g5 26. Bxe6 gxf4 27. Qxg8 1-0


[Site "https://www.chess.com"]

[Event "Titled Tuesday Blitz December 20 Late 2022"]
[White "Zhukov, Maksim"]
[Black "Rian, Kapriaga"]
[WhiteFideId "34181790"]
[BlackFideId "7103263"]
[WhiteElo "1929"]
[BlackElo "2347"]
[Result "1-0"]
[Round "07"]
[TimeControl "180+1"]
[Date "2022.12.21"]
[WhiteClock "0:00:40"]
[BlackClock "0:00:01"]

1. Nf3 d5 2. g3 Nf6 3. Bg2 Bf5 4. O-O e6 5. d4 h6 6. c4 c6 7. Nc3 Nbd7 8. Nd2 Bb4 9. e4 dxe4 10. Ndxe4 O-O 11. Qb3 Bxc3 12. Nxc3 Qb6 13. Be3 Qxb3 14. axb3 a6 15. h3 Bc2 16. Ra3 Rfc8 17. Rc1 Bg6 18. Bf1 Ne4 19. Kg2 Nxc3 20. bxc3 Be4+ 21. f3 Bg6 22. b4 e5 23. d5 f6 24. dxc6 Rxc6 25. c5 Rcc8 26. Rd1 Nf8 27. Raa1 Bf7 28. Rd6 Rd8 29. Rad1 Rxd6 30. Rxd6 Rc8 31. Bd3 Be8 32. Bf5 Rc7 33. Rd8 Kf7 34. Be4 Bc6 35. Bd3 Rd7 36. Rxd7+ Bxd7 37. Kf2 Ke7 38. f4 Bb5 39. Be4 Bc6 40. Bc2 Ne6 41. fxe5 fxe5 42. h4 Nc7 43. Bd3 Nd5 44. Bd2 Nf6 45. Be2 Ne4+ 46. Ke3 Nxg3 47. Bd3 Ke6 48. Be1 Nf5+ 49. Kd2 e4 50. Bc4+ Bd5 51. Be2 g5 52. hxg5 hxg5 53. Bg4 Ke5 54. Bxf5 Kxf5 55. Ke3 Kg4 56. Kd4 Bc6 57. Bd2 Kf5 58. c4 g4 59. Ke3 g3 60. Be1 Kg4 61. Ke2 g2 62. Kf2 Kh3 63. Kg1 e3 64. Bc3 Kg4 65. Bd4 Kf3 66. Bc3 Ke2 67. b5 Be4 68. c6 axb5 69. c7 Bf5 70. cxb5 Kd3 71. Ba5 Bh3 72. c8=Q Bxc8 73. Kxg2 Bd7 74. b6 1-0


[Site "https://www.chess.com"]

[Event "Titled Tuesday Blitz December 20 Late 2022"]
[White "gshwbedhkhd"]
[Black "Musovic, Armin"]
[BlackFideId "939935"]
[WhiteElo "2580"]
[BlackElo "2288"]
[Result "0-1"]
[Round "07"]
[TimeControl "180+1"]
[Date "2022.12.21"]
[WhiteClock "0:00:01"]
[BlackClock "0:00:14"]

1. e4 c6 2. Nf3 d5 3. Nc3 dxe4 4. Nxe4 Nf6 5. Qe2 Nxe4 6. Qxe4 Qd5 7. Qh4 Qe6+ 8. Be2 Qg4 9. Qg3 Qxg3 10. hxg3 g6 11. d4 h5 12. Bf4 Bg7 13. O-O-O Bg4 14. Rd2 Nd7 15. Re1 O-O 16. Bd3 Bxf3 17. gxf3 Rae8 18. Rde2 Bxd4 19. Rxe7 Nf6 20. Bc4 b5 21. Bb3 Bxf2 22. Bxf7+ Rxf7 23. Rxe8+ Nxe8 24. Rxe8+ Kh7 25. Re6 h4 26. Be5 Bxg3 27. Bc3 h3 28. Re8 Rg7 29. Bxg7 Kxg7 30. Re7+ Kg8 31. Re8+ Kh7 32. Re7+ Kh6 33. Re8 Bh4 34. Re2 Bg5+ 35. Kd1 Bf4 36. Re8 Kg7 37. Re7+ Kg8 38. Re8+ Kh7 39. Re7+ Kh6 40. Re8 Kh5 41. Re1 Kh4 42. Ke2 Bg3 43. Rh1 h2 44. Kf1 Kh3 45. b3 b4 0-1


[Site "https://www.chess.com"]

[Event "Titled Tuesday Blitz December 20 Late 2022"]
[White "monkins"]
[Black "Kalajzic, Ivan"]
[BlackFideId "14506378"]
[WhiteElo "2233"]
[BlackElo "2163"]
[Result "1-0"]
[Round "07"]
[TimeControl "180+1"]
[Date "2022.12.21"]
[WhiteClock "0:00:05"]
[BlackClock "0:00:17"]

1. Nf3 Nc6 2. d4 d6 3. g3 Bg4 4. Bg2 e5 5. dxe5 dxe5 6. O-O Nf6 7. h3 Bf5 8. c3 Bc5 9. Nbd2 Qd7 10. Nb3 Bb6 11. Qxd7+ Nxd7 12. g4 Be6 13. Ng5 Bxb3 14. axb3 h5 15. b4 hxg4 16. hxg4 Nd8 17. c4 c6 18. b5 f6 19. Ne4 Nf7 20. bxc6 bxc6 21. Rd1 Rc8 22. b4 Bd4 23. Ra6 Nb8 24. Ra4 Bb6 25. c5 Bc7 26. Rxa7 Nd8 27. Nd6+ Bxd6 28. cxd6 Nd7 29. Be3 Ne6 30. Rc1 Nd8 31. Rc7 Rb8 32. Bc5 Ne6 33. Bxc6 Nxc7 34. dxc7 Rc8 35. Bd6 Rh4 36. f3 e4 37. b5 exf3 38. exf3 f5 39. Re1+ Kf7 40. Bxd7 Rxc7 41. Bxc7 fxg4 42. fxg4 Rh3 43. b6 Rb3 44. Kf2 Rb2+ 45. Re2 Rb3 46. Bc6 Kf6 47. Bd8+ Kg6 48. b7 Kh7 49. Bc7 g5 50. b8=Q Rxb8 51. Bxb8 Kg7 52. Kf3 Kf6 53. Bd5 Kg6 54. Bc4 Kf6 55. Ba7 1-0


[Site "https://www.chess.com"]

[Event "Titled Tuesday Blitz December 20 Late 2022"]
[White "reevecanada"]
[Black "benny_aizenberg"]
[WhiteElo "2325"]
[BlackElo "2416"]
[Result "1-0"]
[Round "07"]
[TimeControl "180+1"]
[Date "2022.12.21"]
[WhiteClock "0:01:57"]
[BlackClock "0:01:29"]

1. e4 c5 2. Nf3 d6 3. Bb5+ Nd7 4. O-O a6 5. Bxd7+ Bxd7 6. Re1 Nf6 7. d4 cxd4 8. Nxd4 e6 9. Nc3 Be7 10. Be3 O-O 11. f3 b5 12. Qd2 Qc7 13. Rad1 Rfc8 14. Bg5 Rab8 15. Nb3 b4 16. Ne2 Qxc2 17. e5 Nd5 18. Bxe7 Qxd2 19. Rxd2 Nxe7 20. Rxd6 Bb5 21. Ned4 Bc4 22. Rd1 Kf8 23. Na5 Bxa2 24. b3 Rb5 25. Nxb5 Nd5 26. Nd4 Rc5 27. Nac6 g6 28. Ra1 Nc3 29. Nxb4 Bb1 30. Rc6 Rxc6 31. Nbxc6 Bd3 32. Nb4 1-0


[Site "https://www.chess.com"]

[Event "Titled Tuesday Blitz December 20 Late 2022"]
[White "Adel, Sara"]
[Black "Li, Hui"]
[WhiteFideId "10616764"]
[BlackFideId "15400310"]
[WhiteElo "1997"]
[BlackElo "1954"]
[Result "1/2-1/2"]
[Round "08"]
[TimeControl "180+1"]
[Date "2022.12.21"]
[WhiteClock "0:00:51"]
[BlackClock "0:00:06"]

1. e4 e5 2. Nf3 Nf6 3. Nxe5 d6 4. Nxf7 Kxf7 5. Bc4+ d5 6. exd5 Bd6 7. O-O Rf8 8. d4 Kg8 9. Nc3 Nbd7 10. h3 Nb6 11. Bb3 Bd7 12. Bg5 Be8 13. Ne4 Kh8 14. c4 Be7 15. Ng3 Nfxd5 16. Bxe7 Nxe7 17. Qg4 Bg6 18. Ne2 Qd7 19. Qh4 Nf5 20. Qg5 Qe7 21. Qd2 Rae8 22. Nf4 Qf6 23. c5 Nc8 24. d5 b6 25. Rac1 Qd4 26. Rfd1 Qxd2 27. Rxd2 Bf7 28. g4 Nh4 29. Rd3 Bg8 30. d6 cxd6 31. cxd6 Nxd6 32. Ng6+ hxg6 33. Rxd6 Bxb3 34. axb3 Re2 35. Rf1 Rxb2 36. Kh2 Nf3+ 37. Kg3 Ng5 38. Rxg6 Ne4+ 39. Kh4 Rbxf2 40. Rxf2 Nxf2 41. Rc6 Rf3 42. Kg5 Kh7 43. Rc7 Nxh3+ 44. Kh4 Rxb3 45. Rxa7 Nf2 46. g5 Kg6 47. Rb7 Ne4 48. Rc7 Nxg5 49. Rc6+ Kf5 50. Rc3 Ne6 51. Rxb3 b5 52. Rxb5+ Kf6 53. Rb6 g5+ 54. Kg4 Kf7 55. Rb7+ Kf6 56. Rb6 Kf7 57. Rb5 Kf6 58. Rf5+ Kg6 59. Re5 Kf6 60. Re4 Kf7 61. Kf5 Ng7+ 62. Kxg5 Ne6+ 63. Kh5 Kf6 64. Rg4 Kf5 65. Rg1 Nf4+ 66. Kh4 Ng6+ 67. Kh3 Nf4+ 68. Kg3 Ne2+ 69. Kf2 Nxg1 1/2-1/2


[Site "https://www.chess.com"]

[Event "Titled Tuesday Blitz December 20 Late 2022"]
[White "Aghasiyev, Kamal"]
[Black "Rose, Felix"]
[WhiteFideId "13402854"]
[BlackFideId "5105722"]
[WhiteElo "2341"]
[BlackElo "2039"]
[Result "1-0"]
[Round "08"]
[TimeControl "180+1"]
[Date "2022.12.21"]
[WhiteClock "0:00:07"]
[BlackClock "0:00:05"]

1. d4 d5 2. c4 e6 3. Nf3 Nf6 4. g3 dxc4 5. Bg2 a6 6. O-O Nc6 7. a4 Rb8 8. e3 Bd7 9. Qe2 b5 10. axb5 axb5 11. b3 cxb3 12. Nbd2 Bd6 13. Nxb3 Qe7 14. Bb2 O-O 15. Rfc1 e5 16. Rxc6 Bxc6 17. dxe5 Bxf3 18. exd6 Bxe2 19. dxe7 Rfe8 20. Nd4 Bc4 21. Nc6 Rb6 22. Bxf6 gxf6 23. Rd1 Rxc6 24. Rd8 Re6 25. Rxe8+ Kg7 26. Bh3 Re5 27. e4 b4 28. Bf5 Bb5 29. Rb8 Bc6 30. Rxb4 Rxe7 31. f3 Bd7 32. g4 Bxf5 33. gxf5 Rd7 34. Rc4 Kf8 35. Kf2 Ke7 36. Ke3 Kd8 37. Rc6 Ke7 38. Ra6 Rd1 39. Ra7 Kd7 40. Ra8 Rh1 41. Rf8 Rxh2 42. Rxf7+ Kd6 43. Rxf6+ Kd7 44. Rf7+ Kd6 45. Rg7 c5 46. Rg8 c4 47. Rc8 h5 48. Rxc4 h4 49. Rc8 h3 50. Rh8 Rh1 51. Kf4 Ke7 52. e5 Kf7 53. Rh7+ Kg8 54. Rh4 h2 55. f6 Re1 56. Rxh2 Kf7 57. Kf5 Rg1 58. f4 Kf8 59. Rh7 Rg8 60. Ra7 Rg1 61. Ke6 Kg8 62. Ra8+ Kh7 63. f7 Rg6+ 64. Kf5 Rh6 65. Ke4 Rf6 66. exf6 Kg6 67. f8=Q Kh5 68. Qg7 Kh4 69. Rh8# 1-0


[Site "https://www.chess.com"]

[Event "Titled Tuesday Blitz December 20 Late 2022"]
[White "Alex_Sahakyan2006"]
[Black "Begmuratov, Khumoyun"]
[BlackFideId "14210207"]
[WhiteElo "2627"]
[BlackElo "2267"]
[Result "1/2-1/2"]
[Round "08"]
[TimeControl "180+1"]
[Date "2022.12.21"]
[WhiteClock "0:00:14"]
[BlackClock "0:00:03"]

1. c4 Nf6 2. Nc3 g6 3. d4 d5 4. cxd5 Nxd5 5. Nf3 Bg7 6. Na4 O-O 7. e4 Nf6 8. Nc3 c5 9. Be3 Ng4 10. Bc4 Nxe3 11. fxe3 cxd4 12. exd4 Bg4 13. d5 b5 14. Bxb5 Qb6 15. Qb3 Na6 16. Bc6 Rab8 17. Qxb6 Rxb6 18. O-O-O Nb4 19. Ba4 Bxc3 20. bxc3 Nxa2+ 21. Kc2 Rc8 22. Bc6 Rbxc6 23. dxc6 Rxc6 24. Rd8+ Kg7 25. Ne5 Rxc3+ 26. Kb2 Be6 27. Rd4 Rb3+ 28. Kxa2 Rd3+ 29. Rc4 Rd4 30. Kb2 Bxc4 31. Kc3 Rxe4 32. Nxc4 Re2 33. g3 f5 34. Kd3 Ra2 35. h4 Kf6 36. Ne3 e5 37. Rc1 f4 38. Rc6+ Kf7 39. gxf4 exf4 40. Nd5 f3 41. Rf6+ Kg7 42. Rxf3 Ra3+ 43. Nc3 Ra5 44. Rf4 Re5 45. Ra4 a5 46. Kd4 Rh5 47. Ne4 Rxh4 48. Rxa5 Rf4 49. Ke3 Rf7 50. Nd2 h6 51. Nf3 Re7+ 52. Kf4 h5 53. Kg5 Rc7 54. Ne5 Re7 55. Nxg6 Rc7 56. Nh4 Rd7 57. Ra6 Rd5+ 58. Nf5+ Kf7 59. Ra7+ Ke8 60. Kf6 Kd8 61. Ke6 Rd2 62. Rh7 Re2+ 63. Kd5 Rd2+ 64. Nd4 Ke8 65. Rxh5 Ke7 66. Rh6 Kd7 67. Rh7+ Kd8 68. Ke5 Rd1 69. Nf5 Rd2 70. Ne3 Rd3 71. Nd5 Ke8 72. Ke6 Kf8 73. Rf7+ Ke8 74. Ra7 Kf8 75. Rf7+ Ke8 76. Rf1 Rd2 77. Nc7+ Kd8 78. Nd5 Ke8 79. Rh1 Re2+ 80. Kd6 Kf7 81. Rf1+ Kg7 82. Rg1+ Kf7 83. Rf1+ Kg7 84. Nc3 Rd2+ 85. Ke5 Rd3 86. Ne4 Re3 87. Rg1+ Kf7 88. Rf1+ Ke7 89. Rh1 Re2 90. Rh7+ Kf8 91. Kf6 Ke8 92. Nd6+ Kd8 93. Nf7+ Kc8 94. Ne5 Rd2 95. Ke6 Rd1 96. Nc4 Re1+ 97. Kd5 Rd1+ 98. Kc6 Kd8 99. Ne5 Ke8 100. Nc4 Kf8 101. Nd6 Re1 102. Kd7 Re2 103. Rh3 Kg7 104. Rg3+ Kf6 105. Rg8 Re1 106. Rf8+ Kg5 107. Nc4 Rd1+ 108. Ke6 Re1+ 109. Ne5 Re2 110. Rf5+ Kh4 111. Rf1 Kg3 112. Rf8 Kg2 113. Rg8+ Kf2 114. Kf5 Ke3 115. Rg3+ 1/2-1/2


[Site "https://www.chess.com"]

[Event "Titled Tuesday Blitz December 20 Late 2022"]
[White "Andreassen, Lars"]
[Black "Sarkar, Justin"]
[WhiteFideId "1504878"]
[BlackFideId "2010011"]
[WhiteElo "2119"]
[BlackElo "2239"]
[Result "1-0"]
[Round "08"]
[TimeControl "180+1"]
[Date "2022.12.21"]
[WhiteClock "0:00:14"]
[BlackClock "0:00:01"]

1. d4 Nf6 2. Nf3 g6 3. Bg5 Ne4 4. Bh4 Bg7 5. Nbd2 d5 6. e3 c5 7. c3 O-O 8. Bd3 Nxd2 9. Qxd2 Qd6 10. O-O Nc6 11. Rfe1 Bg4 12. Bg3 Qd7 13. dxc5 e5 14. Bb5 Bxf3 15. gxf3 Qe6 16. Rad1 Rad8 17. b4 f5 18. f4 exf4 19. Bxf4 Ne5 20. Qe2 a6 21. Bd3 Nc4 22. Bxc4 dxc4 23. Bd6 Rfe8 24. Qd2 b6 25. a3 bxc5 26. bxc5 Be5 27. f4 Bf6 28. Kf2 Bh4+ 29. Kg1 Bxe1 30. Rxe1 Qe4 31. Kf2 Qd3 32. Qxd3 cxd3 33. Rd1 Re4 34. Rxd3 Rc4 35. Ke2 Kf7 36. Kd2 Ke6 37. Rd4 Rxd4+ 38. cxd4 Kd5 39. Kc3 Rd7 40. Kd3 Rb7 41. Kc3 Rb1 42. Be5 1-0


[Site "https://www.chess.com"]

[Event "Titled Tuesday Blitz December 20 Late 2022"]
[White "Arbunic Castro, Giovanna"]
[Black "White, John S."]
[WhiteFideId "3400549"]
[BlackFideId "2502348"]
[WhiteElo "1953"]
[BlackElo "1962"]
[Result "1-0"]
[Round "08"]
[TimeControl "180+1"]
[Date "2022.12.21"]
[WhiteClock "0:00:16"]
[BlackClock "0:00:27"]

1. e4 c5 2. g3 Nc6 3. Bg2 g6 4. Ne2 Bg7 5. c3 d6 6. O-O e6 7. d4 cxd4 8. cxd4 Nf6 9. Nbc3 a6 10. h3 O-O 11. Be3 d5 12. e5 Nd7 13. f4 Nb6 14. b3 Bd7 15. Qd2 Rc8 16. Rac1 Ne7 17. g4 f5 18. exf6 Bxf6 19. Ng3 Bg7 20. h4 Nc6 21. h5 Qh4 22. Qf2 Qxg4 23. Bf3 Qh4 24. Kg2 Qf6 25. hxg6 Nxd4 26. gxh7+ Kh8 27. Nh5 Qg6+ 28. Kh2 Nxf3+ 29. Qxf3 Rxc3 30. Rxc3 Bxc3 31. Bxb6 e5 32. Rg1 Qc2+ 33. Rg2 Qc1 34. Qg3 e4 35. Qg8+ Rxg8 36. hxg8=Q# 1-0


[Site "https://www.chess.com"]

[Event "Titled Tuesday Blitz December 20 Late 2022"]
[White "Arnold, Ken"]
[Black "Reprintsev, Alexander"]
[WhiteFideId "2056836"]
[BlackFideId "14100541"]
[WhiteElo "2362"]
[BlackElo "2230"]
[Result "1/2-1/2"]
[Round "08"]
[TimeControl "180+1"]
[Date "2022.12.21"]
[WhiteClock "0:00:17"]
[BlackClock "0:00:06"]

1. e4 d5 2. exd5 Qxd5 3. Nf3 Bg4 4. Be2 Nc6 5. h3 Bxf3 6. Bxf3 Qe6+ 7. Qe2 Nd4 8. Qxe6 Nxf3+ 9. gxf3 fxe6 10. d4 g6 11. f4 Bh6 12. Be3 Nf6 13. Ke2 Nd5 14. c4 Nxf4+ 15. Bxf4 Bxf4 16. Nc3 O-O 17. Rad1 Rf5 18. Ne4 b6 19. Rd3 Raf8 20. f3 c6 21. b4 Rd8 22. a4 e5 23. d5 cxd5 24. Rxd5 Rxd5 25. cxd5 Rf8 26. Kd3 Rc8 27. Rd1 Kf7 28. Nc3 a6 29. Ne4 Ke8 30. a5 bxa5 31. bxa5 Rb8 32. Kc4 Rb5 33. d6 Kd7 34. Nc5+ Rxc5+ 35. Kxc5 Be3+ 36. Kd5 exd6 37. Rb1 Kc7 38. Rb3 Bc5 39. Rb1 g5 40. Rb2 h5 41. h4 gxh4 42. Rh2 Bb4 43. Rxh4 Bxa5 44. Rxh5 Bb4 45. Rh7+ Kb6 46. Rh8 a5 47. Kc4 Kc6 48. Rh6 Bc5 49. Rf6 a4 50. f4 e4 51. Rf7 a3 52. Kb3 e3 53. Re7 d5 54. Re8 d4 55. f5 d3 56. Kc3 d2 57. Kc2 Bd4 58. Ra8 Bb2 59. f6 Bxf6 60. Rxa3 Bg5 61. Kd1 Kd5 62. Ra4 Ke5 63. Ke2 Kf5 64. Rb4 Bf4 65. Rb7 Kg4 66. Rg7+ Bg5 67. Rf7 Bf4 68. Rg7+ Bg5 69. Rf7 Bf4 70. Rg7+ 1/2-1/2


[Site "https://www.chess.com"]

[Event "Titled Tuesday Blitz December 20 Late 2022"]
[White "Bach, Matthias"]
[Black "Peatman, Carter"]
[WhiteFideId "4603168"]
[BlackFideId "2096480"]
[WhiteElo "2165"]
[BlackElo "2411"]
[Result "0-1"]
[Round "08"]
[TimeControl "180+1"]
[Date "2022.12.21"]
[WhiteClock "0:01:27"]
[BlackClock "0:01:33"]

1. d4 Nf6 2. c4 Nc6 3. f4 e6 4. Nf3 d5 5. e3 Ne4 6. Nc3 Bb4 7. Bd2 Nxd2 8. Qxd2 O-O 9. Ne5 Nxe5 10. dxe5 c6 11. Be2 Qb6 12. O-O Bc5 13. Rf3 Rd8 14. Na4 Qb4 15. Qxb4 Bxb4 16. a3 Be7 17. cxd5 exd5 18. b4 Bf5 19. Rd1 Bc2 20. Nb2 Bxd1 21. Nxd1 a5 22. f5 axb4 23. f6 bxa3 24. fxe7 a2 25. exd8=Q+ Rxd8 0-1


[Site "https://www.chess.com"]

[Event "Titled Tuesday Blitz December 20 Late 2022"]
[White "Battlecruiser_Operational"]
[Black "Bas Mas, Jose Joaquin"]
[BlackFideId "22219064"]
[WhiteElo "2417"]
[BlackElo "2233"]
[Result "0-1"]
[Round "08"]
[TimeControl "180+1"]
[Date "2022.12.21"]
[WhiteClock "0:00:01"]
[BlackClock "0:00:35"]

1. e4 e6 2. d4 d5 3. Nc3 Nf6 4. Bg5 Be7 5. e5 Nfd7 6. h4 h6 7. Bxe7 Qxe7 8. Qg4 g6 9. h5 g5 10. f4 f5 11. exf6 Nxf6 12. Qf3 g4 13. Qe3 Nc6 14. Bd3 Bd7 15. Bg6+ Kd8 16. Nge2 Kc8 17. O-O-O b6 18. Rhe1 Qg7 19. Ng3 Kb7 20. Na4 Na5 21. Qa3 Nc4 22. Qb3 Bxa4 23. Qxa4 Qe7 24. f5 Qd6 25. Rd3 e5 26. dxe5 Nxe5 27. Ra3 Nc4 28. Qa6+ Kb8 29. Rc3 Rd8 30. Re6 Qf4+ 31. Kb1 Ne4 32. Rd3 Nxg3 0-1


[Site "https://www.chess.com"]

[Event "Titled Tuesday Blitz December 20 Late 2022"]
[White "Berezin, Viktor"]
[Black "Sanchez, Robert"]
[WhiteFideId "14107872"]
[BlackFideId "2034360"]
[WhiteElo "2310"]
[BlackElo "2379"]
[Result "1-0"]
[Round "08"]
[TimeControl "180+1"]
[Date "2022.12.21"]
[WhiteClock "0:01:30"]
[BlackClock "0:00:11"]

1. d4 d5 2. c4 e6 3. Nf3 Nf6 4. g3 Be7 5. Bg2 O-O 6. O-O c6 7. Nc3 Nbd7 8. Qc2 a6 9. e4 dxc4 10. a4 a5 11. Rd1 Nb6 12. h3 Bd7 13. Be3 Rc8 14. Qe2 Bb4 15. Ne5 Qe7 16. Nxc4 Nxc4 17. Qxc4 c5 18. d5 exd5 19. exd5 b6 20. Bf4 Rfe8 21. Rd2 h6 22. Re2 Qd8 23. Rae1 Bxa4 24. Rxe8+ Bxe8 25. d6 Bd7 26. Re7 Be6 27. Nd5 Nxd5 28. Bxd5 b5 29. Qe4 Bxd5 30. Qxd5 Qf8 31. d7 Rd8 32. Bd6 c4 33. Bxb4 axb4 34. Qe5 Kh7 35. Re8 f6 36. Rxf8 fxe5 37. Rxd8 1-0


[Site "https://www.chess.com"]

[Event "Titled Tuesday Blitz December 20 Late 2022"]
[White "Biernacki, Mark"]
[Black "TheKnightOfBosnia"]
[WhiteFideId "2082322"]
[WhiteElo "1970"]
[BlackElo "2429"]
[Result "0-1"]
[Round "08"]
[TimeControl "180+1"]
[Date "2022.12.21"]
[WhiteClock "0:00:20"]
[BlackClock "0:00:51"]

1. c4 c5 2. Nc3 Nc6 3. Nf3 g6 4. g3 Bg7 5. Bg2 e6 6. O-O Nge7 7. d4 Nxd4 8. Nxd4 cxd4 9. Nb5 Qb6 10. Bf4 e5 11. Bg5 a6 12. Bxe7 Kxe7 13. Na3 Rd8 14. e3 dxe3 15. fxe3 Qxe3+ 16. Kh1 d6 17. Bd5 Be6 18. Bxe6 fxe6 19. Nc2 Qe4+ 20. Kg1 Rf8 21. Re1 Qxc4 22. Ne3 Qd4 23. Qb3 b5 24. Rad1 Qb6 25. Kg2 Rac8 26. Rd5 e4 27. Red1 Rc6 28. Re1 Rf3 29. Rd2 Bh6 30. Rf2 Bxe3 31. Rxf3 exf3+ 32. Kxf3 Rc4 33. Rxe3 Qc6+ 34. Kf2 Rc2+ 35. Kg1 Qg2# 0-1


[Site "https://www.chess.com"]